 Dungeon Crawl Stone Soup version 0.30-a0-709-gcdc1b43e22 (webtiles) character file.

Game seed: 8195617665259637472

2717 CrazyBamboolord the Insei (level 9, -5/58 HPs)
             Began as an Octopode Transmuter on Jan 22, 2023.
             Was a Believer of Nemelex Xobeh.
             Killed from afar by an electric eel (12 damage)
             ... with a bolt of electricity
             ... on level 7 of the Dungeon.
             The game lasted 00:18:19 (7414 turns).

CrazyBamboolord the Insei (Octopode Transmuter)     Turns: 7414, Time: 00:18:19

Health: -5/58      AC:  3    Str: 10    XL:     9   Next: 66%
Magic:  25/25      EV: 19    Int: 17    God:    Nemelex Xobeh [**....]
Gold:   379        SH:  0    Dex: 14    Spells: 10/18 levels left

rFire   . . .      SeeInvis .      - Unarmed
rCold   + + .      Faith    .    (no shield)
rNeg    . . .      Spirit   .    r - +2 hat
rPois   +          Reflect  .    (no amulet)
rElec   .          Harm     .    c - ring of poison resistance
rCorr   .          Rampage  .    f - ring of magical power
Will    .....                    m - ring of protection from cold
Stlth   ++                       q - ring of protection from cold
HPRegen 0.29/turn                t - +5 ring of evasion
MPRegen 0.19/turn                (no ring)
                                 (no ring)
                                 (no ring)

@: no status effects
A: almost no armour, amphibious, 8 rings, camouflage 1, gelatinous body 1,
(nimble swimmer 1), tentacles
a: Renounce Religion, Draw Escape, Draw Destruction, Draw Summoning


You were on level 7 of the Dungeon.
You worshipped Nemelex Xobeh.
Nemelex Xobeh was pleased with you.
You visited 2 branches of the dungeon, and saw 8 of its levels.

You collected 379 gold pieces.

Inventory:

Missiles
 b - 2 throwing nets
Armour
 r - a +2 hat (worn)
Jewellery
 c - a ring of poison resistance (left tentacle)
 f - a ring of magical power (right tentacle)
 m - a ring of protection from cold (on tentacle)
 q - a ring of protection from cold (on tentacle)
 t - a +5 ring of evasion (on tentacle)
Wands
 h - a wand of roots (2)
 o - a wand of paralysis (8)
 z - a wand of flame (13)
Scrolls
 g - a scroll of noise
 i - 4 scrolls of teleportation
 n - 2 scrolls of enchant armour
 s - a scroll of summoning
 u - a scroll of enchant weapon {unknown}
 v - a scroll of amnesia {unknown}
 x - a scroll of identify
 y - a scroll of blinking
 B - a scroll of torment {unknown}
Potions
 a - 2 potions of lignification
 d - 2 potions of degeneration
 e - a potion of might {unknown}
 j - 2 potions of curing
 k - 3 potions of mutation
 l - 2 potions of magic {unknown}
 p - 2 potions of heal wounds
 w - 2 potions of invisibility {unknown}
 A - a potion of haste {unknown}


   Skills:
 * Level 4.1 Fighting
 * Level 4.4 Dodging
 * Level 7.8 Unarmed Combat
 * Level 5.3 Spellcasting
 * Level 5.0 Transmutations
 * Level 4.4 Poison Magic
 * Level 3.8 Invocations
 - Level 0.1 Evocations


You had 10 spell levels left.
You knew the following spells:

 Your Spells              Type           Power      Damage    Failure   Level
a - Beastly Appendage     Tmut           42%        N/A       1%          1
b - Wereblood             Tmut           21%        N/A       2%          2
c - Spider Form           Tmut/Pois      20%        N/A       6%          3
d - Passwall              Tmut/Erth      10%        N/A       8%          2

Your spell library contained the following spells:

 Spells                   Type           Power      Damage    Failure   Level
 Cigotuvi's Dreadful Rot  Necr/Pois/Air  18%        N/A       12%         2
 Sandblast                Erth           8%         2d5       14%         1
 Ensorcelled Hibernation  Hex/Ice        8%         N/A       22%         2
 Dazzling Flash           Conj/Hex       8%         N/A       38%         3
 Inner Flame              Hex/Fire       4%         N/A       38%         3
 Stone Arrow              Conj/Erth      8%         3d7       38%         3
 Ice Form                 Ice/Tmut       13%        N/A       43%         4
 Anguish                  Hex/Necr       2%         N/A       80%         4
 Dispel Undead            Necr           4%         3d7       80%         4
 Flame Wave               Conj/Fire      4%         2d5       80%         4
 Iskenderun's Mystic Bla  Conj/Tloc      4%         2d3       80%         4
 Sticky Flame             Conj/Fire      4%         2d3       80%         4
 Death Channel            Necr           2%         N/A       100%        6
 Starburst                Conj/Fire      2%         6d3       100%        6


Dungeon Overview and Level Annotations

Branches:
Dungeon (7/15)             Temple (1/1) D:6

Altars:
Ashenzari
Cheibriados
Dithmenos
Elyvilon
Fedhas
Gozag
Hepliaklqana
Kikubaaqudgha
Makhleb
Nemelex Xobeh
Okawaru
Qazlal
Ru
Sif Muna
Trog
Uskayaw
Wu Jian
Xom
Yredelemnul
Zin
The Shining One

Annotations:
D:4 3 runed translucent doors, WienerDreamer's ghost, amateur MiFi


Innate Abilities, Weirdness & Mutations

You cannot wear most types of armour.
You are amphibious.
You can wear up to eight rings at the same time.
Your skin changes colour to match your surroundings (Stealth+).
Your rubbery body absorbs attacks. (AC +1, EV +1)
((You are camouflaged when in or above water. (Stealth+)))
You have tentacles for arms and can constrict up to eight enemies at once.


Message History

Your primal bloodlust is almost over.
B - a scroll labelled HOJINA TA QOZI Your primal bloodlust has ended.
You pick up a book of Spectacle and begin reading...
You add the spells Dazzling Flash, Iskenderun's Mystic Blast and Starburst to your library.
Found a dagger.
Found a leather armour.
There is a stone staircase leading down here.
Found a stone staircase leading up.
l - 2 sedimented inky potions (gained 1)
An electric eel comes into view.
An electric eel comes into view.
The helpless electric eel fails to defend itself.
You tentacle-slap the electric eel. You grab the electric eel.
Your tentacle-slap misses the electric eel.
The electric eel is lightly wounded.
You constrict the electric eel.
The electric eel shoots out a bolt of lightning at you!
The bolt of electricity hits you!
The electric eel shoots out a bolt of lightning at you!
The bolt of electricity hits you!
You tentacle-slap the electric eel.
The electric eel is moderately wounded.
You constrict the electric eel. You bludgeon the electric eel!
You squeeze the electric eel, but do no damage.
The electric eel is almost dead.
You constrict the electric eel.
You kill the electric eel!
The electric eel shoots out a bolt of lightning at you!
The bolt of electricity misses you.
The electric eel shoots out a bolt of lightning at you!
The bolt of electricity hits you!
The electric eel shoots out a bolt of lightning at you!
The bolt of electricity hits you!
* * * LOW HITPOINT WARNING * * *
The electric eel shoots out a bolt of lightning at you!
The bolt of electricity hits you!
You die...
Your body disappears without a glow.

# ######## ....... ........
...~~~~.~~ ########
...~≈~~.~≈ ## #..~≈~~.~≈
.######### ###..≈≈≈S.~~
.......<.## ###....~≈≈~...
.#######..####...##.......~
..# ##.......@...~≈~~~.~
#..# ####...######.~≈≈≈~.~
#.## #....### #.≈≈≈≈~.~
#..# #.#### #.~~~≈~.~
##..###.# #........
.##..#..# ######..#
.......## ##
###.....########
..###..........#


You could see an electric eel.

Vanquished Creatures
  Pikel (D:4)
  Grinder (D:6)
  Duvessa (D:5)
  3 orc warriors
  A black bear (D:5)
  A sky beast (D:7)
  A centaur (D:6)
  An ogre (D:6)
  3 phantoms
  4 lemures (D:4)
  A kobold brigand (D:6)
  A gnoll sergeant (D:6)
  A bullfrog (D:6)
  A necrophage (D:6)
  2 scorpions
  Dowan (D:5)
  A howler monkey (D:6)
  An electric eel (D:7)
  A hound (D:5)
  A jelly (D:5)
  An orc priest (D:7)
  A gnoll bouda (D:6)
  7 orc wizards
  3 iguanas
  5 gnolls (D:6)
  9 adders
  A shadow imp (D:5)
  A white imp (D:6)
  2 ufetubi
  4 worms (D:2)
  2 dart slugs
  21 orcs
  6 ball pythons
  5 bats
  5 endoplasms
  3 giant cockroaches
  4 hobgoblins
  2 jackals (D:3)
  14 kobolds
  4 quokkas
  2 frilled lizards
  7 goblins
  8 rats
145 creatures vanquished.

Vanquished Creatures (others)
  6 fungi
  A plant (D:3)
7 creatures vanquished.

Grand Total: 152 creatures vanquished

Notes
Turn   | Place    | Note
-------+----------+-------------------------------------------
     0 | D:1      | CrazyBamboolord the Octopode Transmuter began the quest for
                  | the Orb.
     0 | D:1      | Reached XP level 1. HP: 13/13 MP: 3/3
   109 | D:1      | Reached XP level 2. HP: 16/18 MP: 3/5
   528 | D:1      | Reached XP level 3. HP: 23/23 MP: 6/6
   801 | D:2      | Found a faded altar of an unknown god.
  1082 | D:2      | Learned a level 2 spell: Wereblood
  1086 | D:2      | Learned a level 3 spell: Spider Form
  1314 | D:2      | Reached XP level 4. HP: 24/28 MP: 7/7
  1381 | D:2      | Found a basalt altar of Yredelemnul.
  1410 | D:2      | Reached skill level 1 in Poison Magic
  1973 | D:3      | Found a sparkling altar of Nemelex Xobeh.
  1992 | D:3      | Became a worshipper of Nemelex Xobeh the Trickster
  2285 | D:4      | Found a runed translucent gate.
  2286 | D:4      | Found a runed translucent gate.
  2287 | D:4      | Found a runed translucent gate.
  2287 | D:4      | Noticed WienerDreamer's ghost (amateur MiFi)
  2303 | D:4      | Noticed a scorpion
  2313 | D:4      | Killed a scorpion
  2314 | D:4      | Reached XP level 5. HP: 34/34 MP: 9/9
  2453 | D:4      | Identified the +10 rapier of Calamity {elec, rF+}
  2527 | D:4      | Noticed a lemure
  2527 | D:4      | Noticed a lemure
  2527 | D:4      | Noticed a lemure
  2529 | D:4      | Noticed Pikel
  2529 | D:4      | Noticed a lemure
  2542 | D:4      | Reached skill level 4 in Unarmed Combat
  2901 | D:4      | Reached XP level 6. HP: 39/39 MP: 10/10
  3103 | D:4      | Found a bloodstained altar of Trog.
  3784 | D:4      | Killed Pikel
  3785 | D:4      | Reached skill level 1 in Invocations
  3785 | D:4      | Reached XP level 7. HP: 9/45 MP: 13/13
  3966 | D:4      | Learned a level 2 spell: Passwall
  3977 | D:5      | Entered Level 5 of the Dungeon
  3995 | D:4      | Reached skill level 5 in Unarmed Combat
  4223 | D:5      | Identified the +1 spear of Evisceration {flame, Str+4}
  4338 | D:5      | Reached * piety under Nemelex Xobeh
  4378 | D:5      | Noticed Duvessa
  4378 | D:5      | Noticed Dowan
  4392 | D:5      | Killed Duvessa
  4393 | D:5      | Reached XP level 8. HP: 28/51 MP: 14/14
  4398 | D:5      | Killed Dowan
  4558 | D:5      | Received a gift from Nemelex Xobeh
  5297 | D:5      | Found a white marble altar of Elyvilon.
  5468 | D:6      | Reached skill level 6 in Unarmed Combat
  5862 | D:6      | Found a staircase to the Ecumenical Temple.
  5892 | Temple   | Entered the Ecumenical Temple
  6159 | D:6      | Reached XP level 9. HP: 47/57 MP: 16/16
  6258 | D:6      | Reached skill level 5 in Spellcasting
  6374 | D:6      | Found a blossoming altar of Fedhas.
  6507 | D:6      | Noticed Grinder
  6523 | D:6      | Killed Grinder
  6524 | D:6      | Reached skill level 7 in Unarmed Combat
  6573 | D:7      | Received a gift from Nemelex Xobeh
  6707 | D:6      | Reached ** piety under Nemelex Xobeh
  7283 | D:7      | Reached skill level 5 in Transmutations
  7414 | D:7      | Killed from afar by an electric eel

Illustrated notes

Levels and vault maps discovered:
D:1:      dpeg_arrival_morbid_curiosity, layout_rooms
D:2:      layout_rooms, basic_altar, shapermc_ecumenical_altar_gd
D:3:      layout_basic, nemelex_xobeh_ov_fountains_minmay,
          guppyfry_early_lair_pool
D:4:      layout_basic, lightli_temple_of_fire, gammafunk_ghost_split,
          minmay_misc_feat_doors, minmay_misc_feat_encased,
          chequers_serial_rivers_micro_d, corexii_corridor_pit, uniq_pikel
D:5:      layout_loops_ring, mainiacjoe_overflow_alcove_4,
          minmay_quadrilaterals, uniq_duvessa
D:6:      layout_loops_ring, mainiacjoe_overflow_cross_hatched, temple_doors_cd,
          minmay_hedge_maze, kennysheep_generic_room_5, uniq_grinder
D:7:      layout_rooms, grunt_decor_one_mirror, minivault_14
Temple:   minmay_crystal_spiral_temple

Skill      XL: |  1  2  3  4  5  6  7  8  9 |
---------------+----------------------------+-----
Poison Magic   | 1 2 3 4 |  4.4
Unarmed Combat | 4 5 6 7 |  7.8
Spellcasting   | 3 4 5 |  5.3
Transmutations | 3 4 5 |  5.0
Fighting       | 2 3 4 |  4.1
Dodging        | 3 4 |  4.4
Invocations    | 1 2 3 |  3.8
Evocations     | |  0.1

Action                     |  1- 3 |  4- 6 |  7- 9 || total
---------------------------+-------+-------+-------++-------
  Melee: Unarmed           |    82 |   107 |   269 ||   458
         Constrict         |    22 |    28 |    23 ||    73
         Kick              |    27 |    49 |    25 ||   101
         Tentacles         |    20 |    25 |    35 ||    80
         Punch             |     2 |     3 |     4 ||     9
   Cast: Beastly Appendage |    27 |    29 |    13 ||    69
         Spider Form       |       |       |    12 ||    12
         Wereblood         |       |       |     5 ||     5
 Invoke: Draw Destruction  |       |       |     1 ||     1
  Evoke: Wand              |       |     4 |     1 ||     5
    Use: Scroll            |       |     7 |     3 ||    10
   Stab: Sleeping          |     8 |     4 |     5 ||    17
 Armour: Skin              |     3 |     5 |    13 ||    21
  Dodge: Dodged            |    32 |    61 |   209 ||   302

Table legend: (Time is in decaauts)
 A = Elapsed time spent in this place.
 B = Non-inter-level travel time spent in this place.
 C = Inter-level travel time spent in this place.
 D = Time resting spent in this place.
 E = Time spent auto-exploring this place.
 F = Levels seen in this place.
 G = Mean time per level.
                   A        B        C        D        E       F      G
               +--------+--------+--------+--------+--------+-----+--------+
         Total |   7372 |   7007 |    365 |   1199 |   4401 |   8 |  921.5 |
       Dungeon |   7162 |   6881 |    281 |   1199 |   4290 |   7 | 1023.1 |
        Temple |    210 |    126 |     84 |      0 |    111 |   1 |  210.0 |
               +--------+--------+--------+--------+--------+-----+--------+

Top non-repeatable levels by time:
     D:4: 1764 daAuts
     D:6: 1537 daAuts
     D:5: 1232 daAuts
     D:3: 931 daAuts
     D:1: 782 daAuts
     D:2: 689 daAuts
     D:7: 224 daAuts
  Temple: 210 daAuts
